AoeStats
← [KOF] Rock Lee

Arabia

510240354Analyzed
3v3 RM · 1d ago on Sep 30, 2026· 47m 36s· 6 players
Game mode
Random Map
Map size
Normal (6 player)
Population
200
Speed
Normal
Resources
Standard
Victory
Conquest
Starting age
Dark Age
Ending age
Imperial Age
RankedLock teamsTeams togetherTeam positionsShared explorationLock speedFull tech treeHidden civsTurbo modeCheats
Victory
Defeat
🇲🇽 Maya · Mexico
1352
+11
🇲🇽 Persians · Mexico
1323
+12
🇦🇷 Khmer · Argentina
1231
+14
🇲🇽 Saxons · Mexico
1238
-13
🇲🇽 Varangians · Mexico
1224
-12
🇲🇽 Maya · Mexico
1215
-12
Hogos
6:57 Loom
9:10 Feudal Age
9:53 Double-Bit Axe
14:58 Fletching
15:45 Padded Archer Armor
21:36 Castle Age
21:43 Crossbowman
22:25 Bodkin Arrow
24:09 Elite Skirmisher
28:17 Leather Archer Armor
28:47 Horse Collar
35:04 Ballistics
45:30 Imperial Age
43:29 Thumb Ring
GianpaMX
7:15 Loom
9:42 Feudal Age
10:13 Double-Bit Axe
10:12 Horse Collar
15:40 Forging
17:33 Gold Mining
21:06 Bloodlines
21:03 Scale Barding Armor
24:16 Castle Age
22:50 Stone Mining
24:13 Fletching
25:38 Iron Casting
25:15 Bow Saw
25:07 Heavy Plow
26:04 Chain Barding Armor
26:43 Husbandry
44:06 Pikeman
44:47 Squires
44:49 Scale Mail Armor
45:47 Chain Mail Armor
goji_1111
0:31 Loom
10:25 Feudal Age
11:04 Double-Bit Axe
18:35 Fletching
18:45 Padded Archer Armor
19:08 Horse Collar
21:12 Gold Mining
24:33 Castle Age
24:59 Forging
24:50 Scale Mail Armor
25:28 Bow Saw
24:40 Crossbowman
25:30 Thumb Ring
26:08 Leather Archer Armor
26:20 Bodkin Arrow
27:43 Heavy Plow
27:47 Stone Mining
28:50 Ballistics
29:17 Wheelbarrow
35:30 Stone Shaft Mining
34:26 Eagle Warrior
35:39 Murder Holes
36:51 Hand Cart
43:14 Imperial Age
41:23 Elite Skirmisher
44:29 Crop Rotation
43:41 Arbalester
45:36 Conscription
47:19 Two-Man Saw
47:58 Ring Archer Armor
47:29 Bracer
[KOF] Rock Lee
6:37 Loom
9:16 Feudal Age
9:38 Double-Bit Axe
9:39 Horse Collar
18:08 Wheelbarrow
19:41 Scale Barding Armor
20:53 Forging
21:18 Bloodlines
25:14 Castle Age
23:37 Horse Collar
23:52 Gold Mining
26:01 Bow Saw
25:15 Light Cavalry
28:23 Chain Barding Armor
32:29 Husbandry
34:46 Hand Cart
35:25 Iron Casting
41:16 Imperial Age
38:46 Town Watch
39:35 Heavy Plow
40:53 Gold Shaft Mining
40:55 Cavalier
42:46 Plate Barding Armor
44:12 Savar
47:50 Blast Furnace
~KOF~Legonas
0:26 Loom
9:30 Feudal Age
10:23 Double-Bit Axe
13:49 Fletching
14:54 Padded Archer Armor
17:09 Wheelbarrow
21:47 Castle Age
20:27 Scale Mail Armor
20:15 Arson
20:22 Horse Collar
20:34 Gold Mining
22:01 Crossbowman
22:43 Bodkin Arrow
26:41 Ballistics
26:49 Leather Archer Armor
26:37 Squires
26:33 Eagle Warrior
29:24 Forging
31:19 Chain Mail Armor
33:18 Hand Cart
33:58 Town Watch
41:53 Imperial Age
41:26 Murder Holes
41:42 Masonry
41:29 Stone Mining
42:00 Town Patrol
41:55 Elite Eagle Warrior
44:18 Plate Mail Armor
45:20 Conscription
46:50 Chemistry
47:17 Iron Casting
47:15 Holcans
47:11 Heavy Plow
47:25 Bow Saw
Homero Thomson
6:36 Loom
9:29 Feudal Age
12:45 Double-Bit Axe
17:02 Fletching
18:20 Padded Archer Armor
19:00 Padded Archer Armor
22:47 Castle Age
21:42 Gold Mining
22:54 Crossbowman
23:34 Bodkin Arrow
24:28 Bow Saw
24:48 Leather Archer Armor
25:28 Ballistics
26:14 Gold Shaft Mining
37:54 Imperial Age
36:25 Stone Mining
38:06 Arbalester
40:49 Chemistry
39:54 Bracer
40:25 Ring Archer Armor
44:28 Wheelbarrow
45:44 Conscription
46:12 Murder Holes
46:59 Onager
Connection lost

Rejoining the realm…

Still unreachable

The connection could not be restored.

Session expired

The server has moved on; the page needs a fresh start.